 Dungeon Crawl Stone Soup version 0.30-a0-908-g5a111fc481 (webtiles) character file.

Game seed: 9948869807631170351

823 mopl the Chopper (level 8, 0/60 HPs)
             Began as a Formicid Warper on Mar 19, 2023.
             Was a Priest of Cheibriados.
             Slain by Pikel
             ... wielding a +2 whip of flaming
              (3 damage)
             ... on level 4 of the Dungeon.
             The game lasted 00:05:09 (3832 turns).

mopl the Chopper (Formicid Warper)                  Turns: 3832, Time: 00:05:10

Health: 0/60       AC:  8    Str: 25    XL:     8   Next: 17%
Magic:  12/12      EV: 11    Int: 26    God:    Cheibriados [***...]
Gold:   168        SH:  5    Dex: 20    Spells: 5/13 levels left

rFire   . . .      SeeInvis +    a - +0 battleaxe
rCold   + . .      Faith    .    A - +0 buckler
rNeg    . . .      Spirit   .    s - +2 scale mail {rC+}
rPois   .          Reflect  .    (helmet unavailable)
rElec   .          Rampage  .    (no cloak)
rCorr   .                        (no gloves)
Will    .....                    (no boots) Stlth
                                 (no amulet)
HPRegen 0.30/turn                v - +6 ring of intelligence
MPRegen 0.13/turn                (no ring)

@: very slow
A: permanent stasis, dig shafts and tunnels, antennae 3, four strong arms
a: Dig, Shaft Self, Renounce Religion, Bend Time, Temporal Distortion


You were on level 4 of the Dungeon.
You worshipped Cheibriados.
Cheibriados was most pleased with you.
You visited 1 branch of the dungeon, and saw 5 of its levels.

You collected 168 gold pieces.

Inventory:

Hand Weapons
 a - a +0 battleaxe (weapon)
 h - a +0 hand axe
Missiles
 d - 7 boomerangs of dispersal
 g - 11 poisoned darts (quivered)
Armour
 s - a +2 scale mail of cold resistance (worn)
 A - a +0 buckler (worn)
Jewellery
 v - a +6 ring of intelligence (left hand)
Wands
 r - a wand of digging (6)
Scrolls
 b - a scroll of magic mapping {unknown}
 c - a scroll of blinking
 e - 4 scrolls of identify {unknown}
 f - 2 scrolls of teleportation {unknown}
 i - a scroll of brand weapon {unknown}
 m - 2 scrolls of torment {unknown}
 n - 2 scrolls of amnesia {unknown}
 o - 3 scrolls of vulnerability {unknown}
 u - 3 scrolls of noise {unknown}
 y - a scroll of fear {unknown}
Potions
 j - 2 potions of mutation {unknown}
 k - a potion of invisibility {unknown}
 l - 2 potions of cancellation {unknown}
 p - a potion of flight {unknown}
 q - 5 potions of curing {unknown}
 t - 3 potions of lignification {unknown}
 w - a potion of heal wounds {unknown}
 x - a potion of degeneration {unknown}
 z - a potion of experience {unknown}


   Skills:
 + Level 3.7 Fighting
 * Level 4.7 Axes
 + Level 2.5 Throwing
 + Level 3.2 Armour
 + Level 3.1 Dodging
 + Level 1.3 Shields
 + Level 3.2 Spellcasting
 + Level 3.9 Translocations
 + Level 2.4 Invocations


You had 5 spell levels left.
You knew the following spells:

 Your Spells              Type           Power      Damage    Failure   Level
a - Vhi's Electric Charg  Tloc/Air       28%        N/A       34%         3
b - Lesser Beckoning      Tloc           48%        N/A       9%          2
t - Teleport Other        Tloc           24%        N/A       16%         3

Your spell library contained the following spells:

 Spells                   Type           Power      Damage    Failure   Level
 Manifold Assault         Tloc           24%        N/A       47%         4
 Iskenderun's Battlesphe  Conj           4%         2d6       100%        5
 Iron Shot                Conj/Erth      2%         9d2       100%        6
 Spellforged Servitor     Conj/Summ      2%         N/A       100%        7
 Blink                    Tloc           Unusable   N/A       N/A         2

Dungeon Overview and Level Annotations

Branches:
Dungeon (5/15)             Temple (0/1) D:5

Altars:
Cheibriados
Fedhas
Hepliaklqana
Yredelemnul

Annotations:
D:3 1 runed translucent door, Crazy Yiuf
D:4 Pikel


Innate Abilities, Weirdness & Mutations

You cannot be hasted, slowed, berserked, paralysed or teleported.
You can dig through walls and to a lower floor.
You have a pair of large antennae on your head. (SInv)
Your four strong arms can wield two-handed weapons with a shield.


Message History

Pikel burns you.
You closely miss Pikel.
Pikel is moderately wounded.
You hit the lemure. The lemure hits you but does no damage.
Pikel hits you with a +2 whip of flaming.
Pikel burns you. You block the lemure's attack. You block Pikel's attack.
You hit Pikel.
Pikel is heavily wounded.
You closely miss the lemure. The lemure hits you!
Pikel hits you with a +2 whip of flaming.
Pikel burns you.
You miss Pikel.
Pikel is heavily wounded.
You hit the lemure. You block the lemure's attack.
Pikel hits you with a +2 whip of flaming.
Pikel burns you. The lemure misses you. Pikel barely misses you.
You barely miss Pikel.
Pikel is heavily wounded.
You hit the lemure but do no damage. You block the lemure's attack.
Pikel hits you with a +2 whip of flaming.
* * * LOW HITPOINT WARNING * * *
Pikel burns you.
* * * LOW HITPOINT WARNING * * *
You miss Pikel.
Pikel is severely wounded.
You hit the lemure but do no damage. The lemure hits you!
* * * LOW HITPOINT WARNING * * *
Pikel hits you with a +2 whip of flaming.
* * * LOW HITPOINT WARNING * * *
Pikel burns you.
* * * LOW HITPOINT WARNING * * *
The lemure closely misses you. Pikel hits you but does no damage.
Okay, then.
Okay, then.
Okay, then.
You slash Pikel!
Pikel is almost dead.
You slash the lemure! The lemure hits you but does no damage.
Pikel hits you with a +2 whip of flaming.
You die...

#.##.#.........########.#.##.#
#.##....................#.##.#
##.##..#.#####..#..#######.##.#
...#.....##........# #.##.#
.......#.##.#.###..#######.##.###
##.###.#.#.......................
.........####.####.#######.##.###
...#.....##.....##.# #.##.#
####.....##....K@5.# #.##.#
#....###.....#### ###.##'###
#....# #.....# #........#
####....# #.....# #[.......#
........###.....# #.....>..#
####.###........########........#
# #.# #........#...............#
# #.# #........#...............#
# #.# #........#.........#######


You could see Pikel (poisoned) and a lemure.

Vanquished Creatures
  Grinder (D:5)
  An ogre (D:5)
  A gnoll sergeant (D:5)
  A scorpion (D:4)
  3 hounds
  A sleepcap (D:5)
  Jessica (D:3)
  Ijyb (D:3)
  5 gnolls
  10 adders
  2 shadow imps
  2 worms (D:2)
  3 dart slugs
  An orc (D:3)
  9 ball pythons
  8 endoplasms
  2 giant cockroaches
  6 goblins
  7 hobgoblins
  9 jackals
  8 kobolds
  2 quokkas
  3 bats
  2 frilled lizards
  3 rats
92 creatures vanquished.

Vanquished Creatures (others)
  3 plants (D:1)
3 creatures vanquished.

Grand Total: 95 creatures vanquished

Notes
Turn   | Place    | Note
-------+----------+-------------------------------------------
     0 | D:1      | mopl the Formicid Warper began the quest for the Orb.
     0 | D:1      | Reached XP level 1. HP: 16/16 MP: 3/3
   133 | D:1      | Reached XP level 2. HP: 22/22 MP: 5/5
   412 | D:1      | HP: 1/23 [gnoll/+0 spear (3)]
   413 | D:1      | Reached skill level 2 in Dodging
   414 | D:1      | Reached XP level 3. HP: 2/28 MP: 6/6
   852 | D:2      | Reached XP level 4. HP: 29/34 MP: 7/7
   854 | D:2      | Reached skill level 3 in Translocations
  1029 | D:2      | Reached skill level 3 in Axes
  1129 | D:2      | Found a faded altar of an unknown god.
  1154 | D:2      | Prayed at the altar of an unknown god.
  1154 | D:2      | Became a worshipper of Cheibriados the Contemplative
  1154 | D:2      | Reached * piety under Cheibriados
  1217 | D:2      | Identified the +0 pair of boots of Hianas {Rampage *Corrode
                  | rC+ Str+4}
  1353 | D:3      | Learned a level 2 spell: Lesser Beckoning
  1357 | D:3      | Learned a level 3 spell: Teleport Other
  1449 | D:3      | Reached XP level 5. HP: 35/40 MP: 8/8
  1466 | D:3      | Noticed Jessica
  1481 | D:3      | Reached skill level 2 in Armour
  1487 | D:3      | Killed Jessica
  1700 | D:3      | Reached ** piety under Cheibriados
  1798 | D:3      | Noticed Ijyb
  1823 | D:3      | Killed Ijyb
  1824 | D:3      | Reached skill level 3 in Fighting
  2094 | D:3      | Reached XP level 6. HP: 47/47 MP: 9/9
  2116 | D:3      | Found a runed translucent door.
  2117 | D:3      | Noticed Crazy Yiuf
  2419 | D:4      | Reached skill level 1 in Invocations
  3169 | D:5      | Entered Level 5 of the Dungeon
  3169 | D:5      | Noticed an ogre
  3212 | D:4      | Reached skill level 4 in Axes
  3279 | D:5      | Killed an ogre
  3280 | D:5      | Reached skill level 2 in Throwing
  3280 | D:5      | Reached XP level 7. HP: 10/52 MP: 9/11
  3452 | D:5      | Found a basalt altar of Yredelemnul.
  3482 | D:5      | Learned a level 3 spell: Vhi's Electric Charge
  3488 | D:5      | Found a staircase to the Ecumenical Temple.
  3501 | D:5      | Reached *** piety under Cheibriados
  3581 | D:5      | Reached skill level 3 in Armour
  3581 | D:5      | Reached skill level 2 in Invocations
  3650 | D:5      | Noticed Grinder
  3664 | D:5      | Killed Grinder
  3665 | D:5      | Reached skill level 3 in Dodging
  3665 | D:5      | Reached skill level 1 in Shields
  3665 | D:5      | Reached skill level 3 in Spellcasting
  3665 | D:5      | Reached XP level 8. HP: 55/60 MP: 12/12
  3710 | D:5      | Found a blossoming altar of Fedhas.
  3710 | D:5      | Found a hazy altar of Hepliaklqana.
  3820 | D:5      | Noticed Pikel
  3831 | D:4      | HP: 3/60 [Pikel/+2 whip of flaming (3)]
  3832 | D:4      | Slain by Pikel

Illustrated notes

Levels and vault maps discovered:
D:1:      spicycebolla_arrival_clurvy, layout_basic
D:2:      layout_rooms, ebering_ecumenical_altar_abandoned, minmay_tetromino_s4
D:3:      layout_basic, uniq_ijyb, uniq_jessica, uniq_crazy_yiuf_cottage
D:4:      layout_basic
D:5:      layout_rooms, nemelex_xobeh_ov_fountains_minmay,
          gammafunk_temple_overflow_forgotten, kennysheep_little_box,
          minmay_temple_entry_from_below_a, minmay_misc_feat_enclosed,
          uniq_pikel, uniq_grinder

Skill      XL: |  1  2  3  4  5  6  7 |
---------------+----------------------+-----
Dodging        | 2 3 |  3.1
Translocations | 3 |  3.9
Axes           | 3 4 |  4.7
Armour         | 2 3 |  3.2
Fighting       | 3 |  3.7
Invocations    | 1 2 |  2.4
Throwing       | 2 |  2.5
Shields        | 1 |  1.3
Spellcasting   | 3 |  3.2

Action                     |  1- 3 |  4- 6 |  7- 9 || total
---------------------------+-------+-------+-------++-------
  Melee: Hand axe          |    97 |   139 |       ||   236
         Punch             |     1 |     1 |       ||     2
         Battleaxe         |       |    53 |    45 ||    98
  Throw: Dart              |       |     7 |     3 ||    10
 Armour: Leather armour    |     6 |       |       ||     6
         Ring mail         |    47 |    45 |       ||    92
         Scale mail        |       |    35 |    16 ||    51
  Dodge: Dodged            |    64 |   144 |    35 ||   243
  Block: Buckler           |       |       |     9 ||     9

Table legend: (Time is in decaauts)
 A = Elapsed time spent in this place.
 B = Non-inter-level travel time spent in this place.
 C = Inter-level travel time spent in this place.
 D = Time resting spent in this place.
 E = Time spent auto-exploring this place.
 F = Levels seen in this place.
 G = Mean time per level.
                   A        B        C        D        E       F      G
               +--------+--------+--------+--------+--------+-----+--------+
         Total |   4865 |   4749 |    116 |    814 |   2960 |   5 |  973.0 |
       Dungeon |   4865 |   4749 |    116 |    814 |   2960 |   5 |  973.0 |
               +--------+--------+--------+--------+--------+-----+--------+

Top non-repeatable levels by time:
     D:4: 1451 daAuts
     D:3: 1198 daAuts
     D:1: 804 daAuts
     D:5: 771 daAuts
     D:2: 640 daAuts
